 Dungeon Crawl Stone Soup version 0.31-a0-845-g9abc20d24f (webtiles) character file.

Game seed: 7600296395333861764

24315 Pooter the Severer (level 12, -15/107 (112) HPs)
             Began as a Minotaur Berserker on Oct 1, 2023.
             Was a Priest of Trog.
             Demolished by a sun demon (22 damage)
             ... summoned by an orc sorcerer
             ... led by an orc warlord
             ... on level 1 of the Orcish Mines.
             The game lasted 01:19:26 (14730 turns).

Pooter the Severer (Minotaur Berserker)            Turns: 14730, Time: 01:19:27

HP:   -15/107 (112) AC: 12    Str: 33    XL:     12   Next: 79%
MP:   11/11         EV:  8    Int:  4    God:    Trog [***...]
Gold: 825           SH:  0    Dex: 10    Spells: 11/11 levels left

rFire   + . .        a - +1 battleaxe
rCold   + . .        (shield currently unavailable)
rNeg    . . .        K - +1 plate armour
rPois   .            (helmet restricted)
rElec   .            A - scarf {rC+ rF+}
rCorr   .            (no gloves)
SInv    +            (no boots)
Will    ++...        M - amulet of regeneration Stlth
                     l - +6 ring of strength
HPRegen 2.17/turn    S - ring of see invisible
MPRegen 0.12/turn

%: no passive effects
@: strong-willed, on berserk cooldown, regenerating, slowed, lightly drained,
very slow
A: horns 2, retaliatory headbutt
a: Renounce Religion, Berserk, Trog's Hand


You were on level 1 of the Orcish Mines.
You worshipped Trog.
Trog was most pleased with you.
You visited 3 branches of the dungeon, and saw 15 of its levels.
You also visited: Sewer and Ossuary.

You collected 1122 gold pieces.
You spent 297 gold pieces at shops.

Inventory:

Hand Weapons
 a - a +1 battleaxe (weapon)
   (You took it off an orc warrior on level 9 of the Dungeon)
 b - a +4 orcbow
   (You took it off a centaur on level 8 of the Dungeon)
 k - a +0 war axe
   (You took it off an orc on level 3 of the Dungeon)
 r - a +0 trident of venom
   (You took it off an orc on level 4 of the Dungeon)
 R - a +4 morningstar of flaming
   (You took it off Blork the orc on level 6 of the Dungeon)
 T - a +2 eveningstar of holy wrath
   (You took it off Urug on level 1 of the Orcish Mines)
Missiles
 o - 6 boomerangs (quivered)
 H - 7 silver javelins
 O - a curare-tipped dart
 Q - 71 stones
 V - 26 poisoned darts
Armour
 n - a scarf of harm
   (You found it on level 4 of the Dungeon)
 A - a scarf of resistance (worn)
   (You found it in a sewer)
 K - a +1 plate armour (worn)
   (You took it off an orc warrior on level 7 of the Dungeon)
Jewellery
 l - a +6 ring of strength (left hand)
   (You found it on level 2 of the Dungeon)
 z - a +6 ring of intelligence
   (You found it in a sewer)
 C - a +4 ring of protection
   (You found it on level 5 of the Dungeon)
 G - an amulet of guardian spirit
   (You found it on level 10 of the Dungeon)
 M - an amulet of regeneration (around neck)
   (You found it on level 3 of the Dungeon)
 S - a ring of see invisible (right hand)
   (You found it on level 6 of the Dungeon)
 U - a +6 ring of dexterity
   (You found it on level 6 of the Dungeon)
Wands
 d - a wand of iceblast (2)
   (You found it on level 2 of the Dungeon)
 f - a wand of flame (4)
   (You found it on level 8 of the Dungeon)
 p - a wand of polymorph (6)
   (You found it on level 12 of the Dungeon)
 u - a wand of paralysis (11)
   (You found it on level 7 of the Dungeon)
 x - a wand of acid (3)
   (You took it off Maurice on level 8 of the Dungeon)
 D - a wand of digging (4)
   (You bought it in a shop on level 1 of the Orcish Mines)
 L - a wand of mindburst (5)
   (You found it on level 10 of the Dungeon)
Scrolls
 c - a scroll of summoning
 j - a scroll of noise {!r}
 t - 10 scrolls of teleportation {@r4}
 y - a scroll of fog
 B - 2 scrolls of vulnerability {!r}
Potions
 e - 3 potions of might
 g - 2 potions of enlightenment
 h - 3 potions of haste {@q3}
 q - a potion of ambrosia {unknown}
 s - 4 potions of cancellation
 v - 5 potions of heal wounds {@q2}
 w - 4 potions of attraction {!q}
 E - 2 potions of mutation {unknown}
 F - 3 potions of invisibility
 I - a potion of brilliance {unknown}
 J - 4 potions of curing {@q1}
 N - a potion of lignification {unknown}
 P - a potion of degeneration {unknown}


   Skills:
 + Level 12.0 Fighting
 * Level 16.3(16.6) Axes
 - Level 5.0(11.7) Maces & Flails
 * Level 11.1 Ranged Weapons
 - Level 2.4 Armour
 - Level 2.1 Dodging
 - Level 8.3 Stealth


You had 11 spell levels left.
You didn't know any spells.
Your spell library was empty.

Dungeon Overview and Level Annotations

Branches:
Dungeon (12/15) Zot: 23904  Temple (0/1) D:6            Lair (1/5) D:9 Zot: 5804
    Orc (2/2) D:12 Zot: 10560   Sewer (visited)         Ossuary (visited)
    Elf: Orc:2

Altars:
Ashenzari
Dithmenos
Elyvilon
Kikubaaqudgha
Makhleb
Qazlal
Ru
Sif Muna
Trog
Uskayaw
Xom
Yredelemnul
Zin
The Shining One

Shops:
D:4 :   D:10 (   D:11 *   Orc:1 *

Annotations:
D:7 2 transporters


Innate Abilities, Weirdness & Mutations

You have a pair of horns on your head.
You reflexively headbutt those who attack you in melee.


Message History

The orc warrior closely misses you. You furiously retaliate!
You headbutt the orc warrior!
The orc warlord unwields a +0 war axe.
The orc warlord wields a +0 arbalest.
The orc warlord shoots a bolt.
The bolt hits you!
There is a stone staircase leading down, spattered with blood here.
You slash the orc sorcerer! Your headbutt misses the orc sorcerer.
You closely miss the orc warrior.
The orc sorcerer hits you with a +0 dagger.
The orc warrior hits you with a +0 dire flail.
You barely miss the orc sorcerer. You headbutt the orc sorcerer!
You closely miss the orc warrior.
The orc sorcerer casts a spell.
The orc warrior hits you with a +0 dire flail!
You closely miss the orc sorcerer. You closely miss the sun demon.
You hit the orc warrior.
An orc warrior comes into view. It is wielding a +0 battleaxe.
The orc sorcerer hits you with a +0 dagger.
The orc warrior barely misses you. The sun demon hits you!
You are engulfed in flames.
You resist.
The orc warlord shoots a bolt.
The bolt hits you!
* * * LOW HITPOINT WARNING * * *
A red film seems to cover your vision as you go berserk!
You feel yourself moving faster!
You feel mighty!
An orc comes into view. It is wielding a +0 hand axe.
The orc sorcerer casts a spell at you. You resist with almost no effort.
The orc warrior hits you with a +0 dire flail!!
* * * LOW HITPOINT WARNING * * *
The sun demon hits you!
* * * LOW HITPOINT WARNING * * *
You are engulfed in flames.
You resist.
* * * LOW HITPOINT WARNING * * *
You feel a strong urge to attack something.
The orc sorcerer barely misses you.
The orc warrior attacks as it pursues you!
The orc warrior hits you with a +0 dire flail!
* * * LOW HITPOINT WARNING * * *
The sun demon hits you!
* * * LOW HITPOINT WARNING * * *
You are engulfed in flames!
You resist.
* * * LOW HITPOINT WARNING * * *
You see here a +0 troll leather armour.
Unknown command.
You feel your anger nearly subside.
There is a staircase back to the Dungeon, spattered with blood here.
You are no longer berserk.
You are exhausted.
You feel yourself slow down. The sun demon hits you!!
You die...

#.....# ### #...# .....#
#.####.## ....#
##..####.### o..##
##...##.....# ....##
##.....#....####
...o.####...#.....#....##
#..oh.o......o).[.#.....#
..$.#####o..)oh.[[.....##
....# #..o))o3@[...###
...## ##....o.#....#
....# ########...##
.....# ##.## ##....# #
### .....#### #.#
....#...# ##.##
...#...####...##
.........##....##


You could see an orc warlord, a sun demon (summoned), a warg, an orc sorcerer
(strong) and 4 orc warriors.

Vanquished Creatures
  2 orc warlords
  Azrael (D:11)
  Snorg (D:12)
  A two-headed ogre (D:9)
  A boulder beetle (D:12)
  Urug (Orc:1)
  Pikel (D:5)
  An orc knight (Orc:2)
  A deep elf pyromancer (D:12)
  An ugly thing (D:12)
  An orc sorcerer (Orc:1)
  A cyclops (D:12)
  2 black mambas (Lair:1)
  Maurice (D:8)
  2 kobold demonologists (D:11)
  2 cane toads (Lair:1)
  5 trolls
  2 shadows
  3 wraiths
  Eustachio (D:6)
  3 water elementals
  2 wyverns
  13 yaks
  2 fire elementals (D:12)
  5 vampire mosquitoes
  A warg (Orc:1)
  Edmund (D:5)
  A two-headed ogre zombie (D:12)
  3 water moccasins
  6 hell hounds (D:12)
  2 acid dragons (D:11)
  Pargi (Sewer)
  3 ice beasts
  15 orc warriors
  4 black bears
  8 ogres
  3 wolves (D:9)
  4 centaurs
  A lemure (D:5)
  5 phantoms
  4 kobold brigands
  Blork the orc (D:6)
  3 bullfrogs
  A necrophage (D:4)
  A gnoll sergeant (D:10)
  5 scorpions
  A troll zombie (D:12)
  21 killer bees
  2 howler monkeys (D:9)
  6 electric eels
  2 jellies
  9 hounds
  15 orc priests
  An iguana (D:6)
  25 orc wizards
  2 sleepcaps
  6 ogre zombies (D:12)
  A hound skeleton (D:4)
  8 mummies (Ossuary)
  15 adders
  9 gnolls
  2 shadow imps
  A white imp (D:5)
  An ufetubus (D:5)
  A worm (D:3)
  2 dart slugs
  85 orcs
  11 endoplasms
  8 giant cockroaches
  2 gnoll zombies
  5 goblins
  7 hobgoblins
  9 jackals
  18 kobolds
  7 quokkas
  7 ball pythons
  6 bats
  5 frilled lizards
  3 goblin skeletons (D:12)
  A goblin zombie (D:12)
  A hobgoblin skeleton (D:12)
  5 hobgoblin zombies
  4 kobold zombies (Ossuary)
  2 orc skeletons (D:12)
  16 orc zombies
  2 rats
463 creatures vanquished.

Vanquished Creatures (others)
  An ogre (D:5)
  A hound (D:5)
  An orc priest (D:5)
  An iguana (D:5)
  A worm (D:5)
5 creatures vanquished.

Grand Total: 468 creatures vanquished

Notes
Turn   | Place    | Note
-------+----------+-------------------------------------------
     0 | D:1      | Pooter the Minotaur Berserker began the quest for the Orb.
     0 | D:1      | Reached XP level 1. HP: 19/19 MP: 0/0
   109 | D:1      | Found a faded altar of an unknown god.
   200 | D:1      | Reached XP level 2. HP: 22/27 MP: 1/1
   201 | D:1      | Reached skill level 4 in Axes
   240 | D:1      | Reached skill level 1 in Stealth
   842 | D:2      | Reached XP level 3. HP: 28/33 MP: 2/2
   881 | D:2      | Reached ** piety under Trog
  1345 | D:3      | Reached XP level 4. HP: 18/40 MP: 3/3
  1641 | D:3      | Identified the +0 ring mail "Xoajit" {rCorr Slay-2 Stlth+}
  1781 | D:3      | Reached skill level 5 in Axes
  1958 | D:4      | Noticed an ogre
  1968 | D:4      | Killed an ogre
  1969 | D:4      | Reached XP level 5. HP: 47/47 MP: 4/4
  2041 | D:4      | Found Hiedyur's Vocational Training.
  2075 | D:4      | Reached XP level 6. HP: 54/55 MP: 5/5
  2085 | D:4      | Reached skill level 5 in Fighting
  2085 | D:4      | Reached skill level 6 in Axes
  2086 | D:4      | Found a burning altar of Makhleb.
  2174 | D:4      | Found a large runed translucent door.
  2174 | D:4      | Found a large runed translucent door.
  2186 | D:4      | Reached *** piety under Trog
  2377 | D:4      | Found a sacrificial altar of Ru.
  2769 | D:4      | Found a stormy altar of Qazlal.
  2785 | D:4      | Found a glowing silver altar of Zin.
  2809 | D:5      | Entered Level 5 of the Dungeon
  2809 | D:5      | Noticed Edmund
  2855 | D:5      | Reached XP level 7. HP: 61/61 MP: 6/6
  2861 | D:5      | Killed Edmund
  2862 | D:5      | Reached skill level 7 in Axes
  2933 | D:5      | Reached skill level 5 in Stealth
  2935 | D:5      | Reached XP level 8. HP: 29/70 MP: 7/7
  3007 | D:5      | Reached skill level 8 in Axes
  3021 | D:5      | Noticed Pikel
  3033 | D:5      | Killed Pikel
  3034 | D:5      | Reached skill level 9 in Axes
  3097 | D:5      | Found a bloodstained altar of Trog.
  3145 | D:5      | Found a shimmering altar of Xom.
  3177 | D:5      | Found a glowing drain.
  3184 | D:5      | Reached XP level 9. HP: 79/79 MP: 8/8
  3192 | Sewer    | Entered a sewer
  3278 | Sewer    | Noticed Pargi
  3290 | Sewer    | Killed Pargi
  4105 | D:6      | Found a basalt altar of Yredelemnul.
  4108 | D:6      | Found a glowing golden altar of the Shining One.
  4110 | D:6      | Noticed an angel
  4132 | D:6      | Found a sand-covered staircase.
  4154 | D:6      | Reached skill level 10 in Axes
  4154 | D:6      | Noticed Eustachio
  4158 | Ossuary  | Entered an ossuary
  4197 | Ossuary  | Reached **** piety under Trog
  4387 | D:6      | Killed Eustachio
  4539 | D:6      | Found a staircase to the Ecumenical Temple.
  4607 | D:6      | Noticed Blork the orc
  4613 | D:6      | Killed Blork the orc
  4791 | D:6      | Noticed a profane servitor
  5021 | D:7      | Reached skill level 1 in Maces & Flails
  5055 | D:7      | Reached skill level 11 in Axes
  5138 | D:7      | Found a transporter.
  5138 | D:7      | Noticed a kobold demonologist
  5138 | D:7      | Noticed an orc high priest
  5150 | D:7      | Noticed a kobold demonologist
  5165 | D:7      | Found a transporter.
  5882 | D:8      | Reached XP level 10. HP: 87/90 MP: 9/9
  5882 | D:8      | Noticed Maurice
  5885 | D:8      | Maurice stole a +0 trident of venom
  5888 | D:8      | Maurice stole 4 boomerangs
  5889 | D:8      | Killed Maurice
  5951 | D:8      | Found a broken altar of Ashenzari.
  5975 | D:8      | Reached skill level 1 in Ranged Weapons
  6063 | D:8      | Found a shadowy altar of Dithmenos.
  6087 | D:8      | Reached skill level 12 in Axes
  6434 | D:8      | Found a shimmering blue altar of Sif Muna.
  6590 | D:8      | Found an ancient bone altar of Kikubaaqudgha.
  6809 | D:9      | Found a white marble altar of Elyvilon.
  6979 | D:9      | Found a staircase to the Lair.
  7003 | D:9      | Reached skill level 5 in Ranged Weapons
  7127 | D:9      | Reached XP level 11. HP: 97/97 MP: 10/10
  7132 | D:9      | Reached skill level 5 in Maces & Flails
  7411 | D:9      | Reached skill level 13 in Axes
  7759 | D:9      | Noticed a two-headed ogre
  7769 | D:9      | Killed a two-headed ogre
  7973 | D:10     | Entered Level 10 of the Dungeon
  8108 | D:10     | Found a hide-covered altar of Uskayaw.
  8341 | D:10     | Found Jiekhyogg's Antique Weapon Boutique.
  8772 | Lair:1   | Entered Level 1 of the Lair of Beasts
  8783 | Lair:1   | Reached skill level 10 in Fighting
  9231 | D:11     | Reached skill level 14 in Axes
  9927 | D:11     | Found Ciesko's General Store.
  9935 | D:11     | Bought a potion of curing for 45 gold pieces
  9935 | D:11     | Bought a scroll of identify for 30 gold pieces
 10422 | D:12     | Noticed Azrael
 10484 | D:11     | Killed Azrael
 11145 | D:12     | Reached XP level 12. HP: 108/108 MP: 11/11
 11550 | D:12     | Noticed Snorg
 12209 | D:12     | Found a staircase to the Orcish Mines.
 12233 | D:12     | Reached skill level 15 in Axes
 12562 | D:12     | Noticed a boulder beetle
 12576 | D:12     | Killed a boulder beetle
 12634 | D:12     | Killed Snorg
 13207 | Orc:1    | Entered Level 1 of the Orcish Mines
 13207 | Orc:1    | Noticed Urug
 13217 | Orc:1    | Killed Urug
 13287 | Orc:1    | Noticed an orc warlord
 13370 | D:12     | Reached skill level 10 in Ranged Weapons
 13409 | D:12     | Killed an orc warlord
 13518 | Orc:2    | Entered Level 2 of the Orcish Mines
 14141 | Orc:1    | Noticed an orc warlord
 14219 | Orc:2    | Killed an orc warlord
 14220 | Orc:2    | Reached skill level 16 in Axes
 14666 | Orc:1    | Found Haeluguede's Assorted Antiques.
 14673 | Orc:1    | Bought a ruby potion for 22 gold pieces
 14673 | Orc:1    | Bought a wooden wand for 100 gold pieces
 14673 | Orc:1    | Bought a scroll of identify for 50 gold pieces
 14673 | Orc:1    | Bought a scroll of identify for 50 gold pieces
 14694 | Orc:1    | Noticed an orc warlord
 14727 | Orc:1    | HP: 6/160 [sun demon[an orc warlord] (8)]
 14730 | Orc:1    | Demolished by a sun demon

Illustrated notes

Levels and vault maps discovered:
D:1:      dpeg_arrival_renting, layout_basic,
          hellmonk_ecumenical_altar_pennies_from_heaven, serial_bayou_pond_d
D:2:      layout_basic
D:3:      layout_rooms, grunt_decor_mini_mirrors
D:4:      layout_loops_ring, makhleb_blood_cavern_becter, kennysheep_mini_moat,
          jmf_multi_god_temple2, nicolae_shop_vocational
D:5:      layout_basic, bloody_trog, xom_confusion_cloud, portal_sewer_entry_f,
          minmay_starry_boxes, uniq_edmund, uniq_pikel
D:6:      layout_cave_pools, grunt_temple_overflow_holy_war,
          minmay_temple_entry_ruins, enter_ossuary_3, uniq_eustachio,
          uniq_blork_the_orc
D:7:      gammafunk_wand_slinger, layout_loops_corners,
          kennysheep_generic_room_11
D:8:      layout_layer_cave, nicolae_dithmenos_shadow_blocks,
          nicolae_ashenzari_panopticon, mainiacjoe_overflow_big_doors,
          uniq_maurice
D:9:      layout_loops_corners, elyvilon_altar_3, erik_lair_island
D:10:     layout_roguey, nicolae_uskayaw_suspiria, serial_shops, shop
D:11:     layout_rooms, serial_shops, nicolae_shop_tiny_real_fake_doors,
          roderic_serpentine_path, billiards_dpeg
D:12:     layout_basic, zombieorc2_lemuel, uniq_snorg, uniq_azrael
Lair:1:   layout_concentric_octagons, gammafunk_ghost_ooze
Orc:1:    layout_diamond_mine, serial_shops, shop, uniq_urug
Orc:2:    st_orc_rangers, layout_diamond_mine, basic_altar

Skill      XL: |  1  2  3  4  5  6  7  8  9 10 11 12 |
---------------+-------------------------------------+-----
Axes           | 4 5 6 7 9 11 12 14 16 | 16.3
Stealth        | 1 2 3 4 5 6 8 |  8.3
Fighting       | 4 5 6 7 8 9 10 12 | 12.0
Maces & Flails | 2 4 5 |  5.0
Ranged Weapons | 5 8 11 | 11.1
Armour         | |  2.4
Dodging        | |  2.1

Action                     |  1- 3 |  4- 6 |  7- 9 | 10-12 || total
---------------------------+-------+-------+-------+-------++-------
  Melee: Hand axe          |    78 |    24 |       |       ||   102
         Headbutt          |     9 |    11 |    33 |    81 ||   134
         War axe           |       |    73 |   149 |    42 ||   264
         Morningstar       |       |       |    41 |    92 ||   133
         Punch             |       |       |     4 |     2 ||     6
         Battleaxe         |       |       |       |   363 ||   363
   Fire: Orcbow            |       |       |       |   281 ||   281
  Throw: Stone             |     3 |    17 |       |       ||    20
         Boomerang         |       |       |    18 |     5 ||    23
         Dart              |       |       |       |    27 ||    27
 Invoke: Trog's Hand       |     1 |     3 |     9 |    27 ||    40
         Berserk           |     1 |     2 |     7 |    23 ||    33
  Evoke: Wand              |       |     2 |     2 |    29 ||    33
    Use: Scroll            |     1 |     2 |     6 |    17 ||    26
         Potion            |       |     1 |       |     1 ||     2
   Stab: Paralysed         |       |       |       |     2 ||     2
 Armour: Animal skin       |    43 |     5 |       |       ||    48
         Scale mail        |       |    86 |     3 |       ||    89
         Chain mail        |       |       |   205 |       ||   205
         Plate armour      |       |       |    28 |   591 ||   619
  Dodge: Dodged            |    45 |    60 |   101 |   234 ||   440

Table legend: (Time is in decaauts)
 A = Elapsed time spent in this place.
 B = Non-inter-level travel time spent in this place.
 C = Inter-level travel time spent in this place.
 D = Time resting spent in this place.
 E = Time spent auto-exploring this place.
 F = Levels seen in this place.
 G = Mean time per level.
                   A        B        C        D        E       F      G
               +--------+--------+--------+--------+--------+-----+--------+
         Total |  15174 |  14640 |    534 |   4501 |   6907 |  17 |  892.6 |
       Dungeon |  12915 |  12399 |    516 |   3260 |   6577 |  12 | 1076.2 |
          Lair |    195 |    192 |      3 |    163 |      0 |   1 |  195.0 |
  Orcish Mines |   1439 |   1426 |     13 |    776 |    262 |   2 |  719.5 |
         Sewer |    402 |    402 |      0 |    252 |      1 |   1 |  402.0 |
       Ossuary |    221 |    221 |      0 |     48 |     67 |   1 |  221.0 |
               +--------+--------+--------+--------+--------+-----+--------+

Top non-repeatable levels by time:
    D:12: 2687 daAuts
    D:11: 1793 daAuts
     D:9: 1310 daAuts
     D:7: 971 daAuts
   Orc:1: 955 daAuts
     D:8: 928 daAuts
     D:4: 927 daAuts
     D:5: 879 daAuts
    D:10: 818 daAuts
     D:1: 701 daAuts
     D:3: 660 daAuts
     D:6: 633 daAuts
     D:2: 603 daAuts
   Orc:2: 483 daAuts
   Sewer: 402 daAuts
